 Dungeon Crawl Stone Soup version 0.21-a0-127-g329daca (webtiles) character file.

99 Heofaku the Chopper (level 4, -1/35 HPs)
             Began as a Demonspawn Monk on July 16, 2017.
             Slain by an adder (2 damage)
             ... on level 3 of the Dungeon.
             The game lasted 00:02:39 (2087 turns).

Heofaku the Chopper (Demonspawn Monk)               Turns: 2087, Time: 00:02:40

Health: -1/35      AC:  3    Str: 13    XL:     4   Next: 45%
Magic:  4/4        EV: 12    Int: 11    God:
Gold:   159        SH:  0    Dex: 15    Spells: 3/3 levels left

rFire    . . .     SeeInvis .   p - +0 war axe
rCold    . . .     Gourm    .   (no shield)
rNeg     . . .     Faith    .   d - +0 leather armour
rPois    .         Spirit   .   (helmet restricted)
rElec    .         Reflect  .   (no cloak)
rCorr    .         Harm     .   (no gloves)
MR       .....                  (no boots)
Stlth    ++........             f - amulet of inaccuracy (curse)
HPRegen  0.11/turn              (no ring)
MPRegen  0.09/turn              (no ring)

@: lethally poisoned (-1 -> -10)
A: horns 2
a: no special abilities


You were on level 3 of the Dungeon.
You were not hungry.

You visited 1 branch of the dungeon, and saw 3 of its levels.

You collected 159 gold pieces.

Inventory:

Hand Weapons
 a - a +1 hand axe
 p - a +0 war axe (weapon)
Missiles
 n - 16 poisoned needles
Armour
 b - a +0 robe
 d - a +0 leather armour (worn)
 o - a +0 pair of gloves
Jewellery
 f - a cursed amulet of inaccuracy (around neck)
Scrolls
 i - a scroll of remove curse {unknown}
Potions
 e - a potion of ambrosia {unknown}
 g - a potion of magic {unknown}
 h - 3 potions of curing {unknown}
 l - a potion of agility {unknown}
 m - 2 potions of cancellation {unknown}
Comestibles
 c - 2 bread rations
 j - 2 meat rations
 k - a royal jelly
 q - 3 chunks of flesh


   Skills:
 - Level 3.0 Fighting
 + Level 4.8 Axes
 - Level 2.6 Dodging
 - Level 1.7 Stealth


You had 3 spell levels left.
You didn't know any spells.

Dungeon Overview and Level Annotations

Branches:
Dungeon (3/15)

Altars:


Innate Abilities, Weirdness & Mutations

You have a pair of horns on your head.


Message History

The adder closely misses you.
You barely miss the adder. Your headbutt misses the adder.
The adder is severely wounded.
The adder bites you.
* * * LOW HITPOINT WARNING * * *
The adder bites you.
* * * LOW HITPOINT WARNING * * *
You are more poisoned.
The adder poisons you!
You miss the adder.
The adder is severely wounded.
You feel sick. The adder bites you.
* * * LOW HITPOINT WARNING * * *
You closely miss the adder. You headbutt the adder.
The adder is almost dead.
The adder bites you.
* * * LOW HITPOINT WARNING * * *
You are more poisoned.
The adder poisons you! The adder bites you.
You die...

..... ... ... ...
#.# #.# #S# #@#
#.#..... #.#
#.#..... #.#
##.#...... #.#
.#........ #.#
.......... #.#
....####.# ####.#
.........# ##....#
.......#.###.....##


You could see an adder.

Vanquished Creatures
  A centaur skeleton (D:2)
  An adder (D:2)
  A worm (D:3)
  3 dart slugs
  A leopard gecko (D:1)
  3 orcs
  2 giant cockroaches
  6 goblins
  7 hobgoblins
  4 quokkas (D:2)
  6 bats
  2 frilled lizards (D:2)
  2 kobolds (D:2)
  6 rats
45 creatures vanquished.

Notes
Turn   | Place    | Note
-------+----------+-------------------------------------------
     0 | D:1      | Heofaku the Demonspawn Monk began the quest for the Orb.
     0 | D:1      | Reached XP level 1. HP: 18/18 MP: 1/1
    20 | D:1      | Reached skill level 3 in Axes
    80 | D:1      | Gained mutation: You have a pair of small horns on your head. [demonic ancestry]
    80 | D:1      | Reached XP level 2. HP: 24/24 MP: 2/2
   739 | D:2      | Reached XP level 3. HP: 29/29 MP: 3/3
   963 | D:2      | Reached skill level 4 in Axes
  1672 | D:2      | Gained mutation: You have a pair of horns on your head. [demonic ancestry]
  1672 | D:2      | Reached XP level 4. HP: 12/35 MP: 4/4
  2087 | D:3      | HP: 1/35 [adder (3)]
  2087 | D:3      | Slain by an adder

Vault maps used:
D:1:      saegor_arrival_simple_b, minmay_pentomino_u2
D:2:      first_bread, hex_intersection, grunt_ministairs_9
D:3:      kb_xom_exploding_sheep, lightli_corner_chamber

Skill      XL: |  1  2  3 |
---------------+----------+-----
Axes           | 3 4 |  4.8
Fighting       | |  3.0
Dodging        | |  2.6
Stealth        | |  1.7

Action                   |  1- 3 |  4- 6 || total
-------------------------+-------+-------++-------
Melee: Hand axe          |   128 |    26 ||   154
       Headbutt          |    21 |     4 ||    25
       War axe           |       |    17 ||    17
  Use: Scroll            |       |     2 ||     2
 Stab: Sleeping          |       |     1 ||     1
  Eat: Chunk             |     1 |     1 ||     2
       Fruit             |       |     2 ||     2
Armor: Leather armour    |    37 |    13 ||    50
       Robe              |     1 |       ||     1
Dodge: Dodged            |    97 |    27 ||   124
